 Dungeon Crawl Stone Soup version 0.30.1-11-g7821555f0a (webtiles) character file.

Game seed: 14604110976390799023

917 lonewolfV2 the Trooper (level 7, -2/59 HPs)
             Began as a Demonspawn Fighter on Dec 6, 2023.
             Was an Initiate of Qazlal.
             Slain by an ogre
             ... wielding a +0 giant spiked club
              (14 damage)
             ... on level 5 of the Dungeon.
             The game lasted 00:07:35 (4982 turns).

lonewolfV2 the Trooper (Demonspawn Fighter)         Turns: 4982, Time: 00:07:36

Health: -2/59      AC:  9    Str: 18    XL:     7   Next: 83%
Magic:  7/7        EV:  7    Int: 10    God:    Qazlal [......]
Gold:   223        SH:  4    Dex: 12    Spells: 6/6 levels left

rFire   + . .        a - +0 war axe
rCold   . . .        c - +0 buckler
rNeg    + . .        e - +0 chain mail
rPois   .            (no helmet)
rElec   .            (no cloak)
rCorr   .            (no gloves)
SInv    .            (no boots)
Will    .....        (no amulet) Stlth
                     p - ring of protection from fire
HPRegen 0.29/turn    v - ring of positive energy
MPRegen 0.10/turn

%: no passive effects
@: no status effects
A: claws 1, powered by pain 1, weakness stinger 2
a: Renounce Religion


You were on level 5 of the Dungeon.
You worshipped Qazlal.
Qazlal was noncommittal.
You visited 2 branches of the dungeon, and saw 6 of its levels.

You collected 223 gold pieces.

Inventory:

Hand Weapons
 a - a +0 war axe (weapon)
 b - a +5 flail of protection
Armour
 c - a +0 buckler (worn)
 e - a +0 chain mail (worn)
Jewellery
 p - a ring of protection from fire (left claw)
 r - an amulet of magic regeneration
 v - a ring of positive energy (right claw)
Wands
 l - a wand of roots (10)
 n - a wand of mindburst (18)
Scrolls
 d - a scroll of fog
 f - 6 scrolls of teleportation
 k - a scroll of identify
 s - a scroll of noise
 t - a scroll of summoning
 w - a scroll of enchant weapon {unknown}
Potions
 g - 2 potions of degeneration
 h - 2 potions of ambrosia
 i - a potion of resistance
 m - a potion of might
 o - 2 potions of berserk rage
 q - a potion of haste
 u - a potion of magic {unknown}


   Skills:
 - Level 6.4 Fighting
 - Level 6.2 Axes
 + Level 2.9 Armour
 + Level 3.0 Shields


You had 6 spell levels left.
You didn't know any spells.
Your spell library contained the following spells:

 Spells                   Type           Power      Damage    Failure   Level
 Shock                    Conj/Air       0%         1d3       99%         1
 Slow                     Hex            0%         N/A       99%         1
 Sublimation of Blood     Necr           0%         N/A       100%        2
 Confusing Touch          Hex            0%         N/A       100%        3
 Swiftness                Air            0%         N/A       100%        3
 Vampiric Draining        Necr           0%         2d6       100%        3
 Airstrike                Air            0%         2d(0-16)  100%        4
 Petrify                  Tmut/Erth      0%         N/A       100%        4
 Irradiate                Conj/Tmut      0%         3d11      100%        5


Dungeon Overview and Level Annotations

Branches:
Dungeon (5/15)             Temple (1/1) D:4

Altars:
Cheibriados
Dithmenos
Gozag
Hepliaklqana
Kikubaaqudgha
Okawaru
Qazlal
Ru
Sif Muna
Trog
Vehumet
Wu Jian
Xom

Annotations:
D:4 1 transporter, turdburglar's ghost, novice GnWn


Innate Abilities, Weirdness & Mutations

You have sharp fingernails.
You sometimes gain a little power by taking damage.
You have a tail ending in a sharp stinger.


Message History

The white imp gestures at you. The puff of frost hits you.
You slash the ogre!
The ogre is heavily wounded.
You block the ogre's attack.
You closely miss the ogre.
The ogre is heavily wounded.
You hit the ogre.
The ogre is heavily wounded.
The ogre hits you with a +0 giant spiked club!
You slash the ogre!
Your tail-slap misses the ogre.
The ogre is severely wounded.
The ogre barely misses you. The white imp gestures at you.
The puff of frost hits you but does no damage.
You barely miss the ogre.
The ogre is severely wounded.
The ogre hits you with a +0 giant spiked club!!
* * * LOW HITPOINT WARNING * * *
The white imp gestures at you. The puff of frost hits you!
* * * LOW HITPOINT WARNING * * *
You feel better. You block the ogre's attack.
You hit the ogre.
The ogre is almost dead.
You hit the white imp. The white imp gestures at you.
The puff of frost hits you.
* * * LOW HITPOINT WARNING * * *
You hit the ogre.
The ogre is almost dead.
You hit the white imp. You block the ogre's attack.
The white imp hits you but does no damage.
The white imp gestures at you. The puff of frost misses you.
You barely miss the ogre.
The ogre is almost dead.
You barely miss the white imp.
The ogre hits you with a +0 giant spiked club!
You die...

#......... ##.......... .
#).......... .. #..........# ..
#.........# ... ##....#....#
.... #.....#...# ..[. #....O5##
.... #....@..## ...
##........###### #.
#..............########
##.................##...
###......................)
###.........................
###...........................
##.............................
##..............................


You could see an ogre and a white imp.

Vanquished Creatures
  Edmund (D:4)
  A sky beast (D:5)
  An ogre (D:4)
  A phantom (D:5)
  A bullfrog (D:5)
  3 scorpions (D:5)
  A wight (D:4)
  A howler monkey (D:4)
  A jelly (D:4)
  2 iguanas (D:4)
  2 gnolls (D:3)
  4 adders
  A shadow imp (D:5)
  A worm (D:2)
  2 dart slugs (D:4)
  4 orcs
  9 ball pythons
  5 endoplasms
  2 giant cockroaches
  5 goblins
  10 hobgoblins
  3 jackals (D:3)
  2 quokkas
  2 bats
  3 frilled lizards
  7 kobolds
  5 rats
80 creatures vanquished.

Notes
Turn   | Place    | Note
-------+----------+-------------------------------------------
     0 | D:1      | lonewolfV2 the Demonspawn Fighter began the quest for the
                  | Orb.
     0 | D:1      | Reached XP level 1. HP: 18/18 MP: 1/1
   182 | D:1      | Discovered your monstrous ancestry.
   182 | D:1      | Gained mutation: You have a small tail. [demonic ancestry]
   182 | D:1      | Reached XP level 2. HP: 24/24 MP: 2/2
   842 | D:2      | Gained mutation: You have sharp fingernails. [demonic
                  | ancestry]
   842 | D:2      | Reached XP level 3. HP: 25/29 MP: 3/3
  1824 | D:3      | Found a faded altar of an unknown god.
  2030 | D:3      | Found a bloodstained altar of Trog.
  2501 | D:3      | Found an iron altar of Okawaru.
  2507 | D:3      | Gained mutation: You sometimes gain a little power by
                  | taking damage. [demonic ancestry]
  2507 | D:3      | Reached XP level 4. HP: 33/37 MP: 4/4
  2797 | D:4      | Noticed Edmund
  2803 | D:4      | Killed Edmund
  2804 | D:4      | Reached XP level 5. HP: 42/42 MP: 5/5
  2815 | D:4      | Found a staircase to the Ecumenical Temple.
  2850 | Temple   | Entered the Ecumenical Temple
  3127 | Temple   | Became a worshipper of Qazlal Stormbringer
  3348 | D:4      | Gained mutation: You have a tail ending in a sharp stinger.
                  | [demonic ancestry]
  3348 | D:4      | Reached XP level 6. HP: 29/49 MP: 6/6
  3358 | D:4      | Reached skill level 5 in Axes
  3362 | D:4      | Reached skill level 5 in Fighting
  3821 | D:4      | Found a transporter.
  3880 | D:4      | Noticed turdburglar's ghost (novice GnWn)
  4306 | D:5      | Entered Level 5 of the Dungeon
  4315 | D:5      | Reached XP level 7. HP: 42/56 MP: 7/7
  4982 | D:5      | Slain by an ogre

Illustrated notes

Levels and vault maps discovered:
D:1:      sevenhm_arrival_forest_fort_small_6, layout_basic, minmay_liquid_box,
          chequers_serial_rivers_small_a
D:2:      layout_basic
D:3:      layout_loops_ring, okawaru_altar_gauntlet_db,
          overflow_temple_1_default,
          hellmonk_ecumenical_altar_pennies_from_heaven
D:4:      layout_gridville, minmay_temple_entry_slanted, gammafunk_ghost_smash,
          dreamdust_mushroom_princess, minmay_misc_feat_nine_boxes,
          minmay_divided_ellipse, uniq_edmund
D:5:      layout_cave_pods
Temple:   minmay_temple_curvy_branch

Skill      XL: |  1  2  3  4  5  6  7 |
---------------+----------------------+-----
Axes           | 2 3 4 5 6 |  6.2
Fighting       | 4 5 6 |  6.4
Shields        | 3 |  3.0
Armour         | |  2.9

Action                     |  1- 3 |  4- 6 |  7- 9 || total
---------------------------+-------+-------+-------++-------
  Melee: War axe           |    81 |    79 |    44 ||   204
         Tailslap          |     5 |    12 |     5 ||    22
         Flail             |       |    17 |       ||    17
  Evoke: Wand              |       |     5 |       ||     5
    Use: Scroll            |     8 |     7 |       ||    15
         Potion            |     1 |     1 |     1 ||     3
 Armour: Scale mail        |    32 |       |       ||    32
         Chain mail        |    14 |    52 |    15 ||    81
  Dodge: Dodged            |    51 |    33 |    20 ||   104
  Block: Buckler           |    21 |    31 |    10 ||    62
